← All builds
Suicide front / Armada / Factory first / OBSERVED BUILD

Standard suicide front

Armada Suicide front build order · Supreme Isthmus

The role's baseline: Bot Lab at 0:21 then straight into reclaim-fed T1 bot production to contest the middle and hold until T2 arrives, with an Advanced Metal Extractor around 9:45.

#rush · 2038 distinct matches · 233 players · 72% of Armada Suicide front games · team won 59% of 2418 · Recently observed

HOW TO PLAY IT

Key timing: Bot Lab by 0:20

  1. Open with mex and lab-first to get Bot Lab up by 0:20.
  2. Expand mex and wind while lab pumps units toward middle.
  3. Push Sentry and early Rocketeer, Centurion to contest middle.
  4. Get T2 constructor out once Pond's boost lets you spare metal.
  5. Upgrade mex to Advanced Metal Extractor as you transition off T1 spam.

Phase by phase

TYPICAL OF ITS 2038 GAMES
  1. 1
  2. 2
  3. 3
PLAY THE OPENING

Follow the example game's first 6:00 step by step: what to build now, what comes next, and where it goes. At 1× it keeps pace with your own game.

  1. 1

    Bot Lab first

    Order
    1. Bot LabBot Lab done ~0:24, middle half 0:20–0:33

    Some games also: mex (44%)

  2. 2

    Bot Lab to 5:00

    Economy
    • Metal Extractor5Mex
    • Wind Turbine4Wind
    Builders
    • Construction Bot3 Con bot
    • Lazarus2 Lazarus
    Army
    • Sentry4 Sentry
    • Rocketeer16 Rocketeer
    • Tick2 Tick
    • Centurion1 Centurion
    Other
    • Radar Tower1 Radar Tower

    Some games also: pawn (38%) · con turret (34%)

    By 5:00 in all: 5 mex · 4 wind

    The example game in this phase · 18 steps
    1. Construction BotCon bot ×3
    2. LazarusLazarus
    3. SentrySentry
    4. CenturionCenturion
    5. Mex
    6. LazarusLazarus
    7. CenturionCenturionfor Geo
    8. Mex
    9. Construction BotCon bot
    10. RocketeerRocketeer ×3
    11. BeamerBeamer
    12. RocketeerRocketeer ×7
    13. Dragon's TeethDragon's Teeth ×3
    14. LazarusLazarus
    15. Dragon's TeethDragon's Teeth ×4
    16. RocketeerRocketeer ×3
    17. Dragon's TeethDragon's Teeth
    18. RocketeerRocketeer ×6
  3. 3

    5:00 to 10:00

    Economy
    • Metal Extractor1Mex
    • Wind Turbine15Wind
    Builders
    • Construction Turret2 Con turret
    • Lazarus2 Lazarus
    • Construction Bot1 Con bot
    Army
    • Sentry1 Sentry
    • Rocketeer8 Rocketeer

    Some games also: pawn (49%) · Radar Tower (46%) · tick (45%) · centurion (44%) · energy storage (43%) · eat Bot Lab (31%)

    By 10:00 in all: 6 mex · 21 wind · 1 energy storage · 2 con turret

    The example game in this phase · 129 steps
    1. RocketeerRocketeer
    2. LazarusLazarus
    3. RocketeerRocketeer ×10
    4. Wind
    5. Dragon's TeethDragon's Teeth ×4
    6. Wind
    7. Dragon's TeethDragon's Teeth ×3
    8. Wind
    9. Con turret
    10. Wind
    11. Metal storage
    12. Energy storage
    13. Wind
    14. Construction BotCon bot
    15. Wind
    16. Con turret ×2
    17. Wind ×2
    18. Advanced Metal ExtractorT2 mexdone 9:08 · typical 9:46
    19. Wind
    20. Construction BotCon bot
    21. Wind ×3
    22. Construction BotCon bot
    23. Wind ×2
    24. Construction BotCon bot
    25. Wind ×4
    26. Construction BotCon bot
    27. Wind
    28. Advanced Metal ExtractorT2 mex
    29. Construction BotCon bot
    30. Wind
    31. Converter
    32. Wind ×6
    33. Converter
    34. ShipyardShipyarddone 10:27
    35. Wind
    36. Advanced Metal ExtractorT2 mex
    37. Wind ×2
    38. CorsairDestroyerdone 10:51
    39. Wind ×2
    40. Converter
    41. Wind ×2
    42. Bot LabEat Bot Labreclaimed for its metal
    43. Wind
    44. Advanced Metal ExtractorT2 mex
    45. CorsairDestroyerfor Front
    46. Wind ×4
    47. Converter
    48. CorsairDestroyer
    49. Wind ×2
    50. CorsairDestroyer
    51. Wind ×2
    52. CorsairDestroyer ×3
    53. Wind ×2
    54. CorsairDestroyer ×3
    55. Advanced Metal ExtractorT2 mex
    56. Converter
    57. Wind ×7
    58. Converter
    59. Wind ×3
    60. ShipyardShipyarddone 12:47
    61. Vehicle PlantVehicle Plantdone 12:38
    62. Wind
    63. BlitzBlitzfor Geo
    64. Wind
    65. Con turret
    66. BlitzBlitzfor Geo
    67. Wind
    68. BlitzBlitzfor Geo
    69. Converter
    70. CorsairDestroyerfor Front
    71. BlitzBlitzfor Geo
    72. Wind
    73. BlitzBlitzfor Geo
    74. Wind
    75. BlitzBlitz ×2for Geo
    76. Con turret
    77. BlitzBlitz ×2for Geo
    78. Wind ×2
    79. CorsairDestroyerfor Front
    80. BlitzBlitzfor Geo
    81. Wind
    82. Converter
    83. Con turret
    84. Wind
    85. BlitzBlitzfor Geo
    86. Wind ×2
    87. BlitzBlitzfor Geo
    88. Vehicle PlantVehicle Plantdone 13:44
    89. Wind
    90. BlitzBlitzfor Geo
    91. Wind
    92. BlitzBlitz ×3for Geo
    93. CorsairDestroyerfor Front
    94. Wind
    95. BlitzBlitz ×3for Geo
    96. Wind
    97. BlitzBlitzfor Geo
    98. Wind
    99. BlitzBlitz ×2for Geo
    100. Wind
    101. BlitzBlitzfor Geo
    102. Construction VehicleCon vehicle
    103. BlitzBlitzfor Geo
    104. Wind
    105. BlitzBlitzfor Geo
    106. Construction VehicleCon vehicle
    107. BlitzBlitzfor Geo
    108. Wind
    109. CorsairDestroyerfor Front
    110. BlitzBlitzfor Geo
    111. Construction VehicleCon vehicle
    112. Wind ×2
    113. BlitzBlitzfor Geo
    114. Construction VehicleCon vehicle
    115. BlitzBlitzfor Geo
    116. Wind
    117. BlitzBlitz ×5for Geo
    118. Wind
    119. BlitzBlitz ×3
    120. Wind
    121. BlitzBlitz
    122. Construction ShipCon ship
    123. BlitzBlitz ×2
    124. Wind ×2
    125. BlitzBlitz ×6
    126. Wind
    127. Construction ShipCon ship
    128. BlitzBlitz ×2
    129. Wind

Counts are medians over the build's games: half of them build more, half fewer. The example game is xabre's (46 OS, 12/10/2026); pick another.

Team trades

IN AT LEAST 30% OF ITS GAMES

You hand over

Nothing regular.

You get

  • Tidal Generator4 Tidal from Pondfirst at 0:11 · in 68% of games
  • Advanced Construction Bot1 T2 con bot from Geo or Techfirst at 7:41 · in 57% of games

How it plays out

Typical game of this build, running totals by minute

Metal produced

010k20k
0:005:0010:0015:00

metal

Enemy metal destroyed

05k10k
0:005:0010:0015:00

metal

Own metal lost

05k10k
0:005:0010:0015:00

metal

2418 games.

Show as table
ByMetal produced: This buildEnemy metal destroyed: This buildOwn metal lost: This build
1:0023000
2:0088700
3:002009184130
4:003109644501
5:0041821350999
6:00534721831707
7:00653930542589
8:00775539383499
9:00904046924371
10:001041053125156
11:001188858565965
12:001357864016685
13:001539668707455
14:001730275038213
15:001925781138994
WHAT THE NUMBERS SAY

Standard Suicide front play wins a bit over half its games while taking the heaviest own losses of any role by 15:00.

  • + Produces 20142 metal by 15:00, highest of the front roles.
  • + First kill by 2:01 in all games, fastest contest of middle.
  • − Own metal lost hits 9178 by 15:00, more than enemy metal destroyed.
  • − Only 34% Rocketeer share shows army spread thin across many bot types.
THE EXAMPLE YOU ARE READING

xabre

46.3 OS · 12/10/2026

Open source match ↗

6 received units · includes a constructor
5870 metal received · 31812 energy received

Allied construction assistance is unknown. Timings are observations, not a promise of solo reproducibility.

Typical milestones

Bot Lab0:24Middle 50%: 0:20–0:33 · n=2410
Advanced Metal Extractor9:46Middle 50%: 8:50–10:58 · n=1749

Played most by

_X_264games of this buildPlatinumBlonde188games of this buildXad166games of this buildTrapCaT109games of this buildSoliloqueur81games of this build